 Dungeon Crawl Stone Soup version 0.17.1-3-g152610e (webtiles) character file.

23 Jerry the Magician (level 2, -1/19 HPs)
             Began as a Mummy Wizard on Apr 2, 2016.
             Slain by a worm (10 damage)
             ... on level 2 of the Dungeon.
             The game lasted 00:08:41 (1695 turns).

Jerry the Magician (Mummy Wizard)                   Turns: 1695, Time: 00:08:41

Health: -1/19      AC:  3    Str: 10    XL:     2   Next: 75%
Magic:  1/6        EV: 12    Int: 17    God:
Gold:   103        SH:  0    Dex: 10    Spells: 2 memorised, 4 levels left

rFire  x . .     SeeInvis .     d - +0 short sword
rCold  + . .     Clarity  .     a - +0 robe
rNeg   + + +     SustAt   .     (no shield)
rPois  ∞         Gourm    .     b - +0 hat
rElec  .         Spirit   .     (no cloak)
rCorr  .         Warding  .     (no gloves)
rMut   .         Stasis   .     (no boots)
MR     .....                    (no amulet)
Stlth  ++........               (no ring)
                                j - +1 ring of protection

@: very slightly contaminated, not resistant to hostile enchantments, unstealthy
A: no food or potions, fire vulnerability, cold resistance 1, negative energy
resistance 3, torment resistance, unbreathing
a: no special abilities


You were on level 2 of the Dungeon.
You were not hungry.

You visited 1 branch of the dungeon, and saw 2 of its levels.

You collected 103 gold pieces.

Inventory:

Hand Weapons
 d - a +0 short sword (weapon)
Armour
 a - a +0 robe (worn)
 b - a +0 hat (worn)
Jewellery
 j - a +1 ring of protection (left hand)
Scrolls
 e - a scroll of teleportation {unknown}
 f - a scroll of identify {unknown}
 g - a scroll of blinking {unknown}
 h - a scroll of fog {unknown}
 i - a scroll of recharging {unknown}
Books
 c - a book of Minor Magic

   Spells                             Type                      Level
   a - Magic Dart                     Conjuration                  1
   b - Blink                          Translocation                2
   c - Call Imp                       Summoning                    2
   d - Repel Missiles                 Charms/Air                   2
   e - Slow                           Hexes                        2
   f - Conjure Flame                  Conjuration/Fire             3
   g - Mephitic Cloud                 Conjuration/Poison/Air       3


   Skills:
 - Level 2.2 Dodging
 - Level 1.5 Stealth
 - Level 3.0 Spellcasting
 - Level 0.7 Conjurations
 + Level 1.5 Summonings
   Level 0.7 Translocations


You had 4 spell levels left.
You knew the following spells:

 Your Spells              Type           Power        Failure   Level  Hunger
a - Magic Dart            Conj           #...         17%         1    N/A
b - Call Imp              Summ           #.......     17%         2    N/A

Dungeon Overview and Level Annotations

Branches:
Dungeon (2/15)

Altars:

Annotations:
D:2 Sigmund


Innate Abilities, Weirdness & Mutations

You do not eat or drink.
Your flesh is vulnerable to fire.
You are immune to poison.
Your flesh is cold resistant.
You are immune to negative energy.
You are immune to unholy pain and torment.
You can survive without breathing.


Message History

Your crimson imp blinks!
You hit the worm.
The worm is heavily wounded.
Your crimson imp hits the worm.
You hit the worm.
The worm is almost dead.
Your crimson imp blinks!
The worm bites you!
Ouch! That really hurt!
Your crimson imp blinks!
Casting: Call Imp
Confirm with . or Enter, or press ? or * to list all spells.
You miscast Call Imp.
Nothing appears to happen.
Your crimson imp hits the worm.
Your crimson imp blinks!
You barely miss the worm.
The worm is severely wounded.
The worm bites you!
Ouch! That really hurt!
You die...

######...######
#.#..# #...#
#.#..# #5..#
#.##.# #...#
#....# ####...###
#..... #...§....#
#.##.# #...#.##.#
#.##.#
####..w.....###
#.##..
#.....@.......#
#.####
####...........#.#
#.####
#.....#.....)..#.#
#.....
#.##..÷........#.#
######
#.#####.......##.#
#.#
#...#.####.#######
#.#
#####.####.......#
#.#
#......$###.....#
#.# #.......#
#.....#


You could see a worm and a friendly crimson imp.

Vanquished Creatures
  A giant gecko (D:2)
  4 giant cockroaches (D:1)
  2 goblins
  A hobgoblin (D:2)
  2 kobolds
  A ball python (D:2)
  A bat (D:1)
  5 giant newts
  4 rats (D:1)
21 creatures vanquished.

Vanquished Creatures (collateral kills)
  2 goblins (D:2)
  2 kobolds (D:2)
4 creatures vanquished.

Grand Total: 25 creatures vanquished

Notes
Turn   | Place    | Note
--------------------------------------------------------------
     0 | D:1      | Jerry the Mummy Wizard began the quest for the Orb.
     0 | D:1      | Reached XP level 1. HP: 13/13 MP: 4/4
     3 | D:1      | Noticed an electric eel
     3 | D:1      | Noticed an electric eel
   389 | D:1      | Reached XP level 2. HP: 19/19 MP: 6/6
   503 | D:1      | Learned a level 2 spell: Call Imp
   623 | D:1      | Reached skill level 1 in Summonings
  1050 | D:2      | Noticed Sigmund
  1695 | D:2      | Slain by a worm

Action                   || total
-------------------------++-------
Melee: Short sword       ||    57
       Unarmed           ||     3
 Cast: Magic Dart        ||    31
       Call Imp          ||    14
